 Dungeon Crawl Stone Soup version 0.20-a0-548-g4f8a798 (webtiles) character file.

6979 krabocopter the Basher (level 11, -2/60 HPs)
             Began as a Gargoyle Fighter on Feb 1, 2017.
             Was an Elder of Okawaru.
             Slain by a white ugly thing (20 damage)
             ... on level 8 of the Dungeon.
             The game lasted 00:37:38 (8702 turns).

krabocopter the Basher (Gargoyle Fighter)           Turns: 8702, Time: 00:37:39

Health: -2/60      AC: 18    Str: 21    XL:     11   Next: 8%
Magic:  11/11      EV:  9    Int: 11    God:    Okawaru [****..]
Gold:   668        SH: 10    Dex:  9    Spells: 9/10 levels left

rFire    + . .     SeeInvis +   O - +5 morningstar
rCold    + . .     Gourm    .   U - +2 leather armour {rC+}
rNeg     + . .     Faith    .   c - +0 shield
rPois    ∞         Spirit   .   p - +0 helmet
rElec    +         Reflect  .   t - +0 cloak
rCorr    .         Harm     +   C - +0 pair of gloves
MR       .....                  s - +0 pair of boots
Stlth    +.........             I - amulet of harm
Regen    0.2/turn               D - ring of protection from fire
                                r - ring of see invisible

@: no status effects
A: negative energy resistance 1, electricity resistance, unbreathing,
petrification resistance, rot immunity, AC +7
a: Heroism, Renounce Religion


You were on level 8 of the Dungeon.
You worshipped Okawaru.
Okawaru was greatly pleased with you.
You were hungry.

You visited 2 branches of the dungeon, and saw 10 of its levels.

You collected 668 gold pieces.

Inventory:

Hand Weapons
 w - a +3 flail of protection
 O - a +5 morningstar (weapon)
Armour
 c - a +0 shield (worn)
 p - a +0 helmet (worn)
 s - a +0 pair of boots (worn)
 t - a +0 cloak (worn)
 C - a +0 pair of gloves (worn)
 U - a +2 leather armour of cold resistance (worn)
Jewellery
 b - an uncursed ring of wizardry
 d - a +3 ring of intelligence
 q - an uncursed amulet of magic regeneration
 r - a ring of see invisible (left hand)
 D - a ring of protection from fire (right hand)
 I - an amulet of harm (around neck)
 J - an uncursed amulet of guardian spirit
Wands
 y - a wand of iceblast (4/15)
 R - a wand of iceblast (1/15)
Scrolls
 i - 8 scrolls of remove curse
 l - 2 scrolls of magic mapping {unknown}
 n - 4 scrolls of fog {unknown}
 o - a scroll of fear
 x - a scroll of blinking
 z - 7 scrolls of identify
 A - 5 scrolls of teleportation
 M - a scroll of noise {unknown}
 P - a scroll of brand weapon {unknown}
 S - a scroll of vulnerability {unknown}
 V - a scroll of enchant weapon
 X - a scroll of enchant armour {unknown}
Potions
 a - 3 potions of lignification
 e - 2 potions of degeneration {unknown}
 h - a potion of resistance {unknown}
 k - 2 potions of flight {unknown}
 m - a potion of mutation {unknown}
 u - 3 potions of curing {unknown}
 B - 3 potions of heal wounds {unknown}
 E - a potion of might
 F - 2 potions of haste {unknown}
 K - 3 potions of agility {unknown}
 N - 2 potions of cancellation {unknown}
Books
 G - a book of Minor Magic

   Spells                             Type                      Level
   a - Magic Dart                     Conjuration                  1
   b - Blink                          Translocation                2
   c - Call Imp                       Summoning                    2
   d - Repel Missiles                 Charms/Air                   2
   e - Slow                           Hexes                        2
   f - Conjure Flame                  Conjuration/Fire             3
   g - Mephitic Cloud                 Conjuration/Poison/Air       3
 H - a book of Necromancy

   Spells                             Type                      Level
   a - Pain                           Necromancy                   1
   b - Animate Skeleton               Necromancy                   1
   c - Vampiric Draining              Necromancy                   3
   d - Regeneration                   Charms/Necromancy            3
   e - Animate Dead                   Necromancy                   4
   f - Control Undead                 Necromancy                   4
 L - a book of Cantrips

   Spells                             Type                      Level
   a - Confusing Touch                Hexes                        1
   b - Animate Skeleton               Necromancy                   1
   c - Summon Small Mammal            Summoning                    1
   d - Apportation                    Translocation                1
 Q - a book of Changes

   Spells                             Type                      Level
   a - Beastly Appendage              Transmutation                1
   b - Sticks to Snakes               Transmutation                2
   c - Spider Form                    Transmutation/Poison         3
   d - Ice Form                       Ice/Transmutation            4
   e - Blade Hands                    Transmutation                5
 T - a book of Dreams

   Spells                             Type                      Level
   a - Ensorcelled Hibernation        Hexes/Ice                    2
   b - Silence                        Hexes/Air                    5
   c - Darkness                       Hexes                        6
   d - Shadow Creatures               Summoning                    6
Comestibles
 f - 5 bread rations
 g - 14 royal jellies
 j - 3 meat rations
 v - 5 chunks of flesh


   Skills:
 - Level 3.2 Fighting
 - Level 14.0 Maces & Flails
 + Level 7.0 Armour
 + Level 7.3 Shields


You had 9 spell levels left.
You knew the following spells:

 Your Spells              Type           Power        Failure   Level  Hunger
a - Magic Dart            Conj           #...         91%         1    ##.....


Dungeon Overview and Level Annotations

Branches:
Dungeon (9/15)             Temple (1/1) D:5
   Lair: D:8-11         Orc: D:9-12

Altars:
Ashenzari
Cheibriados
Dithmenos
Elyvilon
Fedhas
Gozag
Hepliaklqana
Kikubaaqudgha
Makhleb
Nemelex Xobeh
Okawaru
Qazlal
Ru
Sif Muna
Trog
Uskayaw
Vehumet
Xom
Yredelemnul
Zin
The Shining One

Shops:
D:4 (

Annotations:
D:9 Pikel


Innate Abilities, Weirdness & Mutations

You are resistant to torment.
Your stone body is resilient. (AC +7)
You are immune to poison.
You resist negative energy. (rN+)
You are resistant to electric shocks. (rElec)
You can survive without breathing.
You are immune to petrification.
You are immune to rotting.


Message History

You block the bullfrog's attack.
You thump the white ugly thing!
The white ugly thing is moderately wounded.
The white ugly thing bites you. The white ugly thing freezes you! You resist.
You block the bullfrog's attack.
You sock the white ugly thing!
The white ugly thing is severely wounded.
The bullfrog hits you.
You block the white ugly thing's attack.
You closely miss the white ugly thing.
The white ugly thing is severely wounded.
You thump the white ugly thing!
The white ugly thing is almost dead.
The white ugly thing barely misses you.
You hit the white ugly thing.
The white ugly thing is almost dead.
The white ugly thing bites you.
* * * LOW HITPOINT WARNING * * *
The white ugly thing freezes you! You resist.
You die...

##########.#
#..#.#.#.#...###. #......#
##...###.###..# #. #.######
#.....####....# #.
#.########.............# #.
#..........###.#.......# #.
#.######.#####.#.#####.# #.
#.# #.# ##....# ###.###.
#.# ####.###.....###.......
#.###.....@uF..........####
#.....##.#####.#.###.#.#
#.######.# ###.......#
#........# #########
##########


You could see a white ugly thing and a bullfrog.

Vanquished Creatures
  A two-headed ogre (D:9)
  The ghost of Rhoefr the Covert, a novice OpEE of Cheibriados (D:8)
  Joseph (D:8)
  A queen bee (D:8)
  2 hippogriffs
  Sigmund (D:6)
  A wyvern (D:8)
  Menkaure (D:7)
  Edmund (D:4)
  A sky beast (D:5)
  2 orc warriors
  4 slaves (D:9)
  5 phantoms
  2 black bears (D:8)
  2 ice beasts
  5 ogres
  A centaur (D:5)
  A necrophage (D:8)
  3 bullfrogs
  A water moccasin zombie (D:9)
  A water moccasin skeleton (D:6)
  3 scorpions
  An oklob sapling (D:5)
  13 killer bees (D:8)
  10 wights
  3 howler monkeys
  4 crimson imps
  A centaur zombie (D:7)
  A quasit (D:8)
  A hound (D:6)
  5 orc priests
  A bullfrog skeleton (D:5)
  A centaur skeleton (D:5)
  4 orc wizards
  5 iguanas
  Terence (D:2)
  4 worker ants
  4 gnolls (D:6)
  A howler monkey skeleton (D:8)
  12 adders
  4 shadow imps
  A white imp (D:8)
  An ooze (D:2)
  2 adder skeletons (D:4)
  A worm (D:5)
  2 dart slugs (D:1)
  4 leopard geckos
  20 orcs
  2 ball pythons
  5 giant cockroaches
  3 goblins
  5 hobgoblins
  4 jackals (D:5)
  4 quokkas
  5 bats
  2 frilled lizards
  A giant cockroach zombie (D:5)
  6 kobolds
  2 rats (D:2)
  A plant (D:5)
188 creatures vanquished.

Notes
Turn   | Place    | Note
-------+----------+-------------------------------------------
     0 | D:1      | krabocopter the Gargoyle Fighter began the quest for the Orb.
     0 | D:1      | Reached XP level 1. HP: 14/14 MP: 1/1
   163 | D:1      | Reached XP level 2. HP: 19/19 MP: 2/2
   578 | D:2      | Reached XP level 3. HP: 17/23 MP: 3/3
   589 | D:2      | Reached skill level 3 in Maces & Flails
   950 | D:2      | Reached XP level 4. HP: 27/28 MP: 4/4
  1083 | D:2      | Noticed Terence
  1100 | D:2      | Killed Terence
  1100 | D:2      | Reached skill level 4 in Maces & Flails
  1515 | D:3      | Noticed an ogre
  1523 | D:3      | Killed an ogre
  1523 | D:3      | Reached skill level 5 in Maces & Flails
  1523 | D:3      | Reached XP level 5. HP: 15/32 MP: 5/5
  2198 | D:4      | Reached XP level 6. HP: 35/37 MP: 6/6
  2274 | D:4      | Found Qeros's Weapon Shoppe.
  2520 | D:4      | Noticed Edmund
  2568 | D:4      | Killed Edmund
  2568 | D:4      | Reached skill level 6 in Maces & Flails
  2709 | D:4      | Noticed a phantom
  2730 | D:4      | Killed a phantom
  2730 | D:4      | Reached skill level 7 in Maces & Flails
  2730 | D:4      | Reached XP level 7. HP: 41/41 MP: 7/7
  3004 | D:5      | Entered Level 5 of the Dungeon
  3021 | D:5      | Found a shadowy altar of Dithmenos.
  3140 | D:5      | Reached skill level 8 in Maces & Flails
  3436 | D:5      | Found a staircase to the Ecumenical Temple.
  3564 | D:5      | Reached XP level 8. HP: 45/46 MP: 8/8
  3593 | D:5      | Reached skill level 9 in Maces & Flails
  3740 | D:5      | HP: 1/46 [ogre/giant club (13)]
  4229 | D:5      | Reached skill level 10 in Maces & Flails
  4382 | Temple   | Entered the Ecumenical Temple
  4464 | Temple   | Became a worshipper of Warmaster Okawaru
  4704 | D:6      | Noticed Sigmund
  4719 | D:6      | Killed Sigmund
  4719 | D:6      | Reached XP level 9. HP: 51/51 MP: 9/9
  4735 | D:6      | Reached skill level 11 in Maces & Flails
  4901 | D:6      | Learned a level 1 spell: Magic Dart
  5020 | D:6      | Reached * piety under Okawaru
  5786 | D:6      | Reached skill level 12 in Maces & Flails
  5908 | D:7      | Noticed Menkaure
  5930 | D:7      | Killed Menkaure
  6848 | D:8      | Noticed Rhoefr's ghost (novice OpEE)
  6849 | D:8      | Reached ** piety under Okawaru
  6849 | D:8      | Reached skill level 13 in Maces & Flails
  6862 | D:8      | Killed Rhoefr's ghost
  6862 | D:8      | Reached *** piety under Okawaru
  6862 | D:8      | Reached XP level 10. HP: 39/56 MP: 10/10
  7129 | D:8      | Noticed Joseph
  7134 | D:8      | Killed Joseph
  7134 | D:8      | Reached skill level 14 in Maces & Flails
  7508 | D:8      | Reached skill level 5 in Shields
  7777 | D:8      | Reached skill level 5 in Armour
  8280 | D:9      | Noticed a two-headed ogre
  8319 | D:9      | Reached **** piety under Okawaru
  8330 | D:9      | Killed a two-headed ogre
  8330 | D:9      | Reached XP level 11. HP: 60/60 MP: 9/11
  8671 | D:9      | Noticed a white ugly thing
  8675 | D:9      | Noticed Pikel
  8702 | D:8      | Slain by a white ugly thing

Vault maps used:
D:1:      lightli_arrival_statuegarden, serial_glass, glass_columns_a,
          glass_columns_a, glass_columns_b, glass_columns_c
D:2:      uniq_terence
D:3:      first_bread
D:4:      serial_shops, nicolae_shop_temple_entry_statues_fountains,
          minmay_close_crescents, uniq_edmund
D:5:      minmay_temple_entry_oklob, grunt_dithmenos_smoke_and_mirrors
D:6:      uniq_sigmund
D:7:      serial_glass, glass_columns_c, glass_columns_a, glass_columns_c,
          glass_columns_a, glass_columns_a, glass_columns_c, minmay_checkerbox,
          uniq_menkaure
D:8:      david_nohive_1, minmay_fire_ice_demons, uniq_joseph
D:9:      minmay_tri_box, st_stairs_8, roderic_lattice_a, uniq_pikel
Temple:   dpeg_three_leaves_temple

Skill      XL: |  1  2  3  4  5  6  7  8  9 10 11 |
---------------+----------------------------------+-----
Maces & Flails | 3 5 7 8 10 13 14 | 14.0
Shields        | 4 7 |  7.3
Armour         | 6 7 |  7.0
Fighting       | |  3.2

Action                   |  1- 3 |  4- 6 |  7- 9 | 10-12 || total
-------------------------+-------+-------+-------+-------++-------
Melee: Flail             |    84 |   164 |   348 |       ||   596
       Mace              |       |       |    24 |       ||    24
       Morningstar       |       |       |    20 |   176 ||   196
Invok: Heroism           |       |       |       |     2 ||     2
  Use: Potion            |       |       |     2 |       ||     2
       Scroll            |       |       |     4 |     4 ||     8
  Eat: Chunk             |       |     6 |    10 |     3 ||    19
       Fruit             |       |       |     2 |       ||     2
       Bread ration      |       |       |     1 |       ||     1
Armor: Scale mail        |    57 |    80 |   128 |    11 ||   276
       Skin              |       |     7 |       |       ||     7
       Leather armour    |       |       |       |    49 ||    49
Dodge: Dodged            |    27 |    24 |    70 |    37 ||   158
Block: Shield            |    57 |    69 |   131 |    60 ||   317
